[Event "45th FIDE Olympiad 2024"]
[Site "Budapest"]
[Date "2024.09.12"]
[Round "2.20"]
[White "Moses, Ina Ebenezer Conteh"]
[Black "Mejias Nunez, Rafael E."]
[Result "0-1"]
[ECO "C91"]
[WhiteElo "1631"]
[BlackElo "2026"]
[Annotator "NA RC"]
[PlyCount "58"]
[EventDate "2024.09.05"]
[EventType "team-tourn"]
[EventCountry "HUN"]
[SourceTitle "playchess.com"]
[Source "ChessBase"]
[SourceQuality "1"]
[WhiteTeam "Sierra Leone"]
[BlackTeam "Puerto Rico"]
[WhiteTeamCountry "SIE"]
[BlackTeamCountry "PUR"]
[TimeControl "40/5400+30:1800+30"]

1. e4 e5 2. Nf3 Nc6 3. Bb5 a6 4. Ba4 Nf6 5. O-O Be7 6. Re1 b5 7. Bb3 d6 8. c3 O-O 9. d4 Bg4 10. d5 Nb8 11. Bg5 Nbd7 12. Nbd2 Nc5 13. Bc2 Nxd5 14. exd5 Bxg5 15. b4 Bxd2 16. Qxd2 Bxf3 17. bxc5 Bh5 18. c6 f5 19. Re3 Qg5 20. f3 f4 21. Ree1 Bxf3 22. Bxh7+ Kxh7 23. Qd3+ e4 24. Qd2 Rae8 25. g3 e3 26. Qc2+ Be4 27. Qc1 fxg3 28. h3 Qf5 29. Re2 Qxh3 0-1

[Event "45th FIDE Olympiad 2024"]
[Site "Budapest"]
[Date "2024.09.12"]
[Round "2.21"]
[White "Giri, Anish"]
[Black "Dardha, Daniel"]
[Result "1/2-1/2"]
[ECO "B30"]
[WhiteElo "2724"]
[BlackElo "2603"]
[Annotator "RC"]
[PlyCount "152"]
[EventDate "2024.09.05"]
[EventType "team-tourn"]
[EventCountry "HUN"]
[SourceTitle "playchess.com"]
[Source "ChessBase"]
[SourceQuality "1"]
[WhiteTeam "Netherlands"]
[BlackTeam "Belgium"]
[WhiteTeamCountry "NED"]
[BlackTeamCountry "BEL"]
[TimeControl "40/5400+30:1800+30"]

1. e4 c5 2. Nf3 Nc6 3. Bb5 e6 4. Bxc6 bxc6 5. d3 Qc7 6. Nc3 e5 7. O-O Be7 8. b3 d6 9. Ne2 Nf6 10. Ng3 O-O 11. h3 a5 12. a4 Re8 13. Nh2 d5 14. c4 Be6 15. Rb1 Rab8 16. Bd2 Red8 17. Qe1 Ra8 18. f4 exf4 19. Bxf4 Qb7 20. Qe2 dxe4 21. dxe4 Re8 22. Rf3 Nd7 23. Rbf1 f6 24. Re3 Bf8 25. Nf5 Rad8 26. Nf3 Qc8 27. g4 Nb8 28. Ng3 Na6 29. e5 fxe5 30. Bxe5 Bf7 31. Bc3 Rxe3 32. Qxe3 Qe6 33. Ne5 Bg6 34. Ne2 Bc2 35. Nf4 Qe8 36. Nh5 Rd1 37. Rxd1 Bxd1 38. Qg5 Qe7 39. Qxe7 Bxe7 40. Nxc6 Bd6 41. Nxg7 Bxb3 42. Ne8 Bxa4 43. Nxd6 Bxc6 44. Bxa5 Bd7 45. Kh2 Be6 46. Kg3 Nb4 47. Kh4 Nc2 48. Bc3 Ne3 49. Ne4 Bxc4 50. Nf6+ Kf7 51. Nxh7 Nd5 52. Ng5+ Kg6 53. Bd2 Bf1 54. Kg3 c4 55. h4 c3 56. h5+ Kg7 57. Bc1 Be2 58. Ne6+ Kf7 59. Nd4 Bd1 60. Nf5 Nf6 61. Ne3 Bxg4 62. Nxg4 Nxh5+ 63. Kf3 Nf6 64. Nf2 Ke6 65. Ke3 Nd5+ 66. Kd4 Nf6 67. Kxc3 Kd5 68. Kd3 Nd7 69. Bb2 Ne5+ 70. Ke2 Nc4 71. Ba1 Ne5 72. Ke3 Nc4+ 73. Kf4 Nd6 74. Ng4 Ke6 75. Ne3 Nb5 76. Be5 Nd6 1/2-1/2

[Event "45th FIDE Olympiad 2024"]
[Site "Budapest"]
[Date "2024.09.12"]
[Round "2.21"]
[White "Bhakta, Bahadur Monger"]
[Black "Oatlhotse, Providence"]
[Result "0-1"]
[ECO "D02"]
[WhiteElo "1911"]
[BlackElo "2239"]
[Annotator "ChessBase"]
[PlyCount "64"]
[EventDate "2024.09.05"]
[EventType "team-tourn"]
[EventCountry "HUN"]
[SourceTitle "playchess.com"]
[Source "ChessBase"]
[SourceQuality "1"]
[WhiteTeam "Bhutan"]
[BlackTeam "Botswana"]
[WhiteTeamCountry "BTN"]
[BlackTeamCountry "BOT"]
[TimeControl "40/5400+30:1800+30"]

1. d4 Nf6 2. Nf3 d5 3. Bf4 c5 4. dxc5 Nc6 5. e3 e6 6. c3 Bxc5 7. Nbd2 O-O 8. Bd3 Re8 9. Ne5 Bd6 10. Nxc6 bxc6 11. Bxd6 Qxd6 12. O-O Rb8 13. Qc2 h6 14. h3 Nd7 15. e4 Ne5 16. Rab1 c5 17. exd5 exd5 18. Rfe1 Bb7 19. Nf1 Qc6 20. f3 c4 21. Be2 Qb6+ 22. Kh1 Qf2 23. Nh2 Nd3 24. Bxd3 Rxe1+ 25. Rxe1 Qxe1+ 26. Bf1 Bc8 27. b3 g6 28. b4 Bf5 29. Qe2 Qxc3 30. Ng4 Bxg4 31. hxg4 Qxb4 32. Qe3 Qb1 0-1

[Event "45th FIDE Olympiad 2024"]
[Site "Budapest"]
[Date "2024.09.12"]
[Round "2.22"]
[White "Vandenbussche, Thibaut"]
[Black "Van Foreest, Jorden"]
[Result "0-1"]
[ECO "B50"]
[WhiteElo "2461"]
[BlackElo "2696"]
[Annotator "TA"]
[PlyCount "110"]
[EventDate "2024.09.05"]
[EventType "team-tourn"]
[EventCountry "HUN"]
[SourceTitle "playchess.com"]
[Source "ChessBase"]
[SourceQuality "1"]
[WhiteTeam "Belgium"]
[BlackTeam "Netherlands"]
[WhiteTeamCountry "BEL"]
[BlackTeamCountry "NED"]
[TimeControl "40/5400+30:1800+30"]

1. e4 c5 2. Nf3 d6 3. Bb5+ Bd7 4. Bxd7+ Nxd7 5. O-O e6 6. b3 Ngf6 7. Qe2 g6 8. c4 Bg7 9. Nc3 O-O {[%emt 0:06:33] The position is equal.} 10. d4 cxd4 11. Nxd4 a6 12. Bb2 Qa5 13. Rfd1 Rfd8 14. Rac1 Rac8 15. a3 Qh5 16. Nf3 Ne8 17. h3 Rc6 18. Na2 Bh6 19. Rc2 Rdc8 20. e5 Nxe5 21. Nxe5 Qxe2 22. Rxe2 dxe5 23. Bxe5 Bf8 24. Nb4 Rb6 {[%emt 0:00:50][%cal Oa6a5] ...a5! is the strong threat.} 25. Bd4 Rd6 26. Red2 f6 27. Nc2 Kf7 28. c5 Rd7 29. Be3 (29. b4 $11) 29... Rxd2 $17 30. Rxd2 Bxc5 31. Bxc5 Rxc5 {[%emt 0:00:04][%mdl 4096] Endgame. KRN-KRN} 32. Rd7+ Kg8 $1 33. Ne3 Rc7 34. Rd8 Kf7 35. g4 Ke7 36. Rb8 Nd6 37. Rh8 Nf7 38. Rb8 Ne5 39. Rh8 {[%emt 0:01:43] [#]} Kd6 (39... Rc3 $1 $19 40. Rxh7+ Nf7) 40. f4 {[%emt 0:00:34] [#]} (40. Rd8+ $17 {was called for.} Rd7 41. Rc8) 40... Nd3 $1 $19 41. f5 Nf4 42. Nc4+ (42. h4 $142) 42... Kc5 43. fxe6 Nxe6 44. Kf2 (44. Re8 {was worth a try.} Nf4 45. h4) 44... Kd4 45. Re8 Nc5 46. Nd2 Kc3 47. Ke2 (47. b4) 47... Rd7 (47... Nxb3 48. Re3+ Kc2 49. Nxb3 $16) 48. Re3+ Kc2 49. Nf3 Nxb3 50. Ne1+ Kb2 51. Nd3+ Ka2 (51... Kxa3 52. Nc5 Rd2+ 53. Kf1 $19) 52. h4 a5 (52... Kxa3 53. Nc5 Rd2+ 54. Ke1 $19) 53. g5 (53. a4 $142) 53... fxg5 {[%emt 0:00:11] Black is clearly winning.} ({Not} 53... Kxa3 54. Nc5 (54. gxf6 $2 {perishes.} Rf7 $19) 54... Rd2+ 55. Ke1 $16) 54. hxg5 a4 55. Ne5 Rc7 {[%emt 0:00:06] Weighted Error Value: White=0.27 (precise) /Black=0.06 (flawless) .  Mistake:       	White=6     	Black=1      Inaccurate:     	White=2     	Black=1      OK:         	White=11    	Black=23     Best:        	White=2     	Black=6      Strong:       	---       	Black=1} 0-1

[Event "45th FIDE Olympiad 2024"]
[Site "Budapest"]
[Date "2024.09.12"]
[Round "2.22"]
[White "Notha, Moakofi"]
[Black "Mahendra, Gurung"]
[Result "1-0"]
[ECO "C62"]
[WhiteElo "1996"]
[BlackElo "1725"]
[Annotator "NA RC"]
[PlyCount "73"]
[EventDate "2024.09.05"]
[EventType "team-tourn"]
[EventCountry "HUN"]
[SourceTitle "playchess.com"]
[Source "ChessBase"]
[SourceQuality "1"]
[WhiteTeam "Botswana"]
[BlackTeam "Bhutan"]
[WhiteTeamCountry "BOT"]
[BlackTeamCountry "BTN"]
[TimeControl "40/5400+30:1800+30"]

1. e4 e5 2. Nf3 Nc6 3. Bb5 d6 4. c3 Bd7 5. O-O h6 6. d4 Qf6 7. Qa4 Nb8 8. Rd1 c6 9. Be2 b5 10. Qb3 a6 11. a4 Be6 12. d5 Bd7 13. dxc6 Bxc6 14. axb5 Bb7 15. bxa6 Bxe4 16. Qa4+ Bc6 17. Bb5 Ne7 18. a7 Bxb5 19. Qxb5+ Nd7 20. Qb7 Rd8 21. a8=Q Nf5 22. Qxd8+ Kxd8 23. Ra8+ Ke7 24. Ra7 Qe6 25. Nxe5 Kf6 26. Nxd7+ Kg6 27. Bf4 Be7 28. Nd2 Re8 29. Nf3 Bh4 30. g3 Bg5 31. Bxg5 f6 32. Re1 Qg8 33. Rxe8 Qxe8 34. Nxf6 gxf6 35. Qh7+ Kh5 36. Qxf5 fxg5 37. g4# 1-0

[Event "45th FIDE Olympiad 2024"]
[Site "Budapest"]
[Date "2024.09.12"]
[Round "2.23"]
[White "Warmerdam, Max"]
[Black "Maerevoet, Sim"]
[Result "1/2-1/2"]
[ECO "A07"]
[WhiteElo "2679"]
[BlackElo "2432"]
[Annotator "TA"]
[PlyCount "84"]
[EventDate "2024.09.05"]
[EventType "team-tourn"]
[EventCountry "HUN"]
[SourceTitle "playchess.com"]
[Source "ChessBase"]
[SourceQuality "1"]
[WhiteTeam "Netherlands"]
[BlackTeam "Belgium"]
[WhiteTeamCountry "NED"]
[BlackTeamCountry "BEL"]
[TimeControl "40/5400+30:1800+30"]

1. Nf3 d5 2. g3 g6 3. Bg2 Bg7 4. O-O e5 5. d3 Nc6 6. Nc3 Nge7 7. e4 O-O 8. exd5 Nxd5 9. Nxd5 Qxd5 10. Re1 {[%emt 0:00:03][%cal Of3e5] Threatening Nxe5!} Qd8 11. Bd2 {[%emt 0:07:26] The position is equal.} Re8 12. b4 a6 13. Ng5 Nd4 14. Ne4 Rb8 15. h4 h6 16. c3 Ne6 17. h5 f5 18. Nc5 Nxc5 19. bxc5 g5 20. d4 e4 (20... f4 $5) 21. f3 b6 22. cxb6 (22. fxe4 bxc5 23. dxc5 Bb7 $11) 22... Rxb6 23. fxe4 c5 24. dxc5 Rb2 25. Be3 (25. exf5 $1 $14 Bf8 26. Be3 Qxd1 27. Raxd1 Rxe3 28. Rxe3 Bxc5 29. Rd8+ Kf7 30. Rxc8 (30. Bd5+ Kf6 $16) 30... Bxe3+ 31. Kh1) 25... Bxc3 {[%emt 0:05:47] [#]} (25... Qc7 $1 $11 {keeps the balance.}) 26. Qxd8 $1 $16 Rxd8 27. Rad1 Re8 {[%emt 0:00:32] [#]} 28. Rf1 fxe4 29. Rd6 ({Better is} 29. c6 $16 {aiming for c7.} Be5 30. Bxe4) 29... Re2 $1 $11 30. Bd4 Bxd4+ 31. Rxd4 {[%emt 0:00:01] Threatens to win with Rd6.} Rc2 32. Bxe4 (32. Rxe4 $2 {perishes.} Rxg2+ 33. Kxg2 Rxe4 $19) 32... Rxc5 33. Rf6 Re6 34. Rxe6 ({But not} 34. Bd5 $2 Rxd5 35. Rxd5 Rxf6 $19) 34... Bxe6 {[%emt 0:00:05][%mdl 4096] Endgame. KRB-KRB} 35. Rd6 Bxa2 36. Rg6+ Kf8 37. Rxa6 Bd5 38. Bxd5 Rxd5 39. Rxh6 g4 40. Kf2 Kg7 41. Rg6+ Kf7 42. Rxg4 {[%emt 0:00:08] Hoping for Rf4+.} Rxh5 {[%emt 0:00:04] Weighted Error Value: White=0.12 (very precise) /Black=0.16 (very precise) .  Mistake:       	White=2     	Black=2      Inaccurate:     	White=1     	Black=3      OK:         	White=15    	Black=13     Best:        	---       	Black=2      Strong:       	White=1     	Black=1} 1/2-1/2

[Event "45th FIDE Olympiad 2024"]
[Site "Budapest"]
[Date "2024.09.12"]
[Round "2.23"]
[White "Suk, Raj Monger"]
[Black "Monnaatsheko, Keletshabile"]
[Result "1-0"]
[ECO "C01"]
[WhiteElo "1821"]
[BlackElo "2064"]
[Annotator "NA"]
[PlyCount "73"]
[EventDate "2024.09.05"]
[EventType "team-tourn"]
[EventCountry "HUN"]
[SourceTitle "playchess.com"]
[Source "ChessBase"]
[SourceQuality "1"]
[WhiteTeam "Bhutan"]
[BlackTeam "Botswana"]
[WhiteTeamCountry "BTN"]
[BlackTeamCountry "BOT"]
[TimeControl "40/5400+30:1800+30"]

1. e4 e6 2. d4 d5 3. Nc3 Bb4 4. exd5 exd5 5. a3 Bxc3+ 6. bxc3 Ne7 7. Rb1 O-O 8. Bd3 Re8 9. Ne2 b6 10. O-O Bf5 11. Ng3 Bg6 12. Re1 Nd7 13. Bg5 c6 14. Ba6 Rb8 15. Bf4 b5 16. Bxb8 Nxb8 17. Bxb5 cxb5 18. Rxb5 Nbc6 19. Qe2 Qd7 20. h4 f6 21. Reb1 Nc8 22. Qd2 Nb6 23. h5 Bf7 24. Qf4 h6 25. a4 Nxa4 26. Rb7 Qe6 27. Nf5 Qe4 28. Qxe4 Rxe4 29. Rc7 Nxc3 30. Rbb7 Nd8 31. Rb8 Re8 32. Rxc3 Kh7 33. Rcc8 Re1+ 34. Kh2 Bxh5 35. Rxd8 Kg6 36. Rxd5 Bg4 37. Ne3 1-0

[Event "45th FIDE Olympiad 2024"]
[Site "Budapest"]
[Date "2024.09.12"]
[Round "2.24"]
[White "Hovhannisyan, Mher"]
[Black "Bok, Benjamin"]
[Result "1/2-1/2"]
[ECO "A04"]
[WhiteElo "2414"]
[BlackElo "2596"]
[Annotator "TA"]
[PlyCount "60"]
[EventDate "2024.09.05"]
[EventType "team-tourn"]
[EventCountry "HUN"]
[SourceTitle "playchess.com"]
[Source "ChessBase"]
[SourceQuality "1"]
[WhiteTeam "Belgium"]
[BlackTeam "Netherlands"]
[WhiteTeamCountry "BEL"]
[BlackTeamCountry "NED"]
[TimeControl "40/5400+30:1800+30"]

1. Nf3 Nf6 2. g3 c5 3. Bg2 Nc6 4. d4 cxd4 5. Nxd4 e5 6. Nxc6 dxc6 7. Qxd8+ Kxd8 8. Nd2 Nd5 9. c3 Be6 10. O-O f6 11. e4 Nb6 12. f4 Kc7 13. fxe5 fxe5 14. b3 Nd7 15. Nf3 Bc5+ 16. Kh1 Rhf8 17. Bb2 Rae8 18. Rad1 h6 19. c4 {[%emt 0:05:55] The position is equal.} Bg4 20. h3 Bxf3 21. Bxf3 Bd4 22. Bxd4 exd4 23. Rxd4 Ne5 24. Kg2 Rd8 25. Rxd8 Rxd8 26. Rd1 Rxd1 ({Don't blunder} 26... Nxf3 $2 27. Rxd8 Ne1+ 28. Kf2 Kxd8 29. Kxe1 $16) 27. Bxd1 $11 {[%emt 0:00:01] KB-KN} Kd6 28. Kf2 c5 29. Ke3 g5 30. h4 b6 {[%emt 0:01:15] Weighted Error Value: White=0.07 (flawless) /Black=0.07 (flawless) .  Inaccurate:     	White=3     	Black=2      OK:         	White=9     	Black=12     Best:        	White=2     	---} 1/2-1/2

[Event "45th FIDE Olympiad 2024"]
[Site "Budapest"]
[Date "2024.09.12"]
[Round "2.24"]
[White "Oratile, Kgotlane"]
[Black "Lhundrup, M Dorji"]
[Result "1-0"]
[ECO "B25"]
[WhiteElo "1975"]
[BlackElo "1715"]
[Annotator "NA"]
[PlyCount "81"]
[EventDate "2024.09.05"]
[EventType "team-tourn"]
[EventCountry "HUN"]
[SourceTitle "playchess.com"]
[Source "ChessBase"]
[SourceQuality "1"]
[WhiteTeam "Botswana"]
[BlackTeam "Bhutan"]
[WhiteTeamCountry "BOT"]
[BlackTeamCountry "BTN"]
[TimeControl "40/5400+30:1800+30"]

1. e4 c5 2. Nf3 d6 3. d3 Nc6 4. g3 g6 5. Bg2 Bg7 6. O-O e5 7. Nc3 Nge7 8. Nd2 O-O 9. Nc4 Nd4 10. a4 Be6 11. Nd5 h6 12. c3 Ndc6 13. Qb3 Rb8 14. a5 b5 15. axb6 axb6 16. Qb5 Qd7 17. Bxh6 Bxd5 18. exd5 Bxh6 19. dxc6 Qc7 20. Rfe1 Bg7 21. Ra6 Nc8 22. Rea1 d5 23. Bxd5 Rd8 24. Bg2 Rxd3 25. Nxe5 Rd2 26. Nd7 Nd6 27. Qb3 Rd8 28. Ra7 c4 29. Qb4 Qc8 30. Qxb6 Re8 31. Bf3 Rd3 32. Kg2 Nf5 33. Be4 Rd6 34. Ra8 Qxa8 35. Rxa8 Rxa8 36. Bxf5 gxf5 37. Qc5 Rd2 38. Nb6 Ra7 39. c7 Rxc7 40. Qxc7 Rxb2 41. Nd5 1-0

[Event "45th FIDE Olympiad 2024"]
[Site "Budapest"]
[Date "2024.09.12"]
[Round "2.25"]
[White "Rodrigue-Lemieux, Shawn"]
[Black "Christiansen, Johan-Sebastian"]
[Result "1-0"]
[ECO "C07"]
[WhiteElo "2509"]
[BlackElo "2661"]
[Annotator "TA"]
[PlyCount "205"]
[EventDate "2024.09.05"]
[EventType "team-tourn"]
[EventCountry "HUN"]
[SourceTitle "playchess.com"]
[Source "ChessBase"]
[SourceQuality "1"]
[WhiteTeam "Canada"]
[BlackTeam "Norway"]
[WhiteTeamCountry "CAN"]
[BlackTeamCountry "NOR"]
[TimeControl "40/5400+30:1800+30"]

1. e4 e6 2. d4 d5 3. Nd2 c5 4. exd5 Qxd5 5. Ngf3 cxd4 6. g3 {[%emt 0:00:08] C07: French Tarrasch: 3...c5, 4 Ngf3 and 4 exd5 Qxd5.} Nc6 7. Bg2 Qb5 8. a4 Qa6 9. Bf1 Qa5 10. Bg2 Qa6 11. Bf1 Qa5 12. Bg2 $146 ({Predecessor:} 12. Bb5 Bd7 13. O-O Nf6 14. Nc4 Qd8 15. Nxd4 Nxd4 16. Qxd4 Rc8 17. Rd1 Nd5 18. Ne3 Nb6 {1-0 Boraso,A (2330)-Thiel,T (2215) Forni di Sopra op 14th 2023 (5)}) 12... e5 13. O-O Be6 14. c3 dxc3 15. bxc3 Qxc3 16. Rb1 O-O-O 17. Ng5 Nf6 18. Nxe6 fxe6 19. a5 a6 20. Qa4 Rd4 21. Qa2 Nd5 22. Nf3 Rd3 23. Ng5 Nd4 24. Nf7 Rg8 25. Nxe5 Nb4 26. Rxb4 Bxb4 27. Nxd3 Qxd3 28. Be3 Kb8 29. Qb2 Ne2+ 30. Kh1 Qb5 31. Qc2 g6 32. Bb6 Nc3 33. Rc1 Rc8 34. Qb3 Nd5 35. Ba7+ Kxa7 36. Rxc8 Qxa5 37. h4 Bc5 38. Kh2 Bxf2 39. Qf3 Qe1 40. Re8 Bg1+ 41. Kh3 Qe5 42. Rf8 Bb6 43. Rf7 h5 44. Qd3 g5 45. hxg5 Qxg5 46. Qh7 Bc7 47. Rxc7 Nxc7 48. Qxc7 Qg4+ 49. Kh2 Qb4 50. Qf7 a5 51. Qxe6 a4 52. Qe3+ Qb6 53. Qe7 Qa6 54. Kh3 a3 55. Bxb7 Qxb7 56. Qxa3+ Kb8 57. Qd6+ Ka8 58. Qd8+ Ka7 59. Qa5+ Kb8 60. Qe5+ Ka8 61. Qxh5 Qh1+ 62. Kg4 Qe4+ 63. Kg5 Qe5+ 64. Kh4 Qe4+ 65. g4 Qe1+ 66. Kg5 Qe5+ 67. Kg6 Qe6+ 68. Kg7 (68. Kg5 $5 Qe5+ $8 69. Kg6 Qd6+ 70. Kg7 Qe7+ 71. Kg8 $16 (71. Qf7 Qg5+ 72. Qg6 Qe7+ 73. Kg8 Qd8+ 74. Kf7 Qc7+ 75. Kf8 Qf4+ 76. Kg7 Qd4+ 77. Kh7 Qd7+ 78. Kh6 Qd8 $18)) 68... Qd7+ $2 (68... Qe7+ $11 {and Black has nothing to worry.} 69. Qf7 Qg5+ 70. Qg6 Qe7+ 71. Kg8 Qd8+ 72. Kf7 Qd5+ 73. Qe6 Qb7+ 74. Kg6 Qb6) 69. Kh6 $18 Qd6+ 70. Qg6 Qh2+ (70... Qf8+ {is a better defense.} 71. Kh7 Qe7+ 72. Qg7 Qh4+ 73. Kg8 Kb8) 71. Kg7 $18 Qc7+ 72. Qf7 Qe5+ 73. Kh7 Qe4+ 74. Qf5 Qb7+ 75. Kg8 Qb3+ 76. Qf7 Qe3 $2 (76... Qg3 77. Qe8+ Kb7) 77. Qd5+ $18 Kb8 78. g5 Qe8+ $2 (78... Qg3 79. Kf7 Qf4+ 80. Ke6 Qg4+ 81. Ke7 Qh4 82. Qe5+ Ka7) 79. Kg7 Qe7+ 80. Kh8 Qe3 81. Qd6+ Ka8 82. Qc6+ Ka7 83. g6 Qh3+ 84. Kg7 Kb8 85. Kf6 Qf1+ 86. Ke7 Qg1 87. Qd6+ Ka8 88. Qd5+ Ka7 89. Kf7 Qf2+ 90. Kg8 Qg3 91. g7 Qb8+ 92. Kf7 Qc7+ 93. Kf6 Qc3+ 94. Kf7 Qc7+ 95. Kf8 Qb8+ {[%emt 0:00:15] [#]} 96. Ke7 $1 Qb4+ 97. Ke8 Qb8+ 98. Kd7 Qb4 99. g8=Q Qb5+ 100. Ke7 Qb4+ 101. Kf6 Qf4+ 102. Kg7 Qg4+ 103. Kh8 1-0

[Event "45th FIDE Olympiad 2024"]
[Site "Budapest"]
[Date "2024.09.12"]
[Round "2.25"]
[White "Mafaaz, Khalid"]
[Black "Aziz, Husain"]
[Result "0-1"]
[ECO "D63"]
[WhiteElo "2069"]
[BlackElo "2340"]
[Annotator "TA"]
[PlyCount "124"]
[EventDate "2024.09.05"]
[EventType "team-tourn"]
[EventCountry "HUN"]
[SourceTitle "playchess.com"]
[Source "ChessBase"]
[SourceQuality "1"]
[WhiteTeam "Pakistan"]
[BlackTeam "Qatar"]
[WhiteTeamCountry "PAK"]
[BlackTeamCountry "QAT"]
[TimeControl "40/5400+30:1800+30"]

1. d4 d5 2. c4 e6 3. Nc3 Nf6 4. Nf3 Be7 5. Bg5 h6 6. Bh4 dxc4 7. e3 a6 8. Bxc4 b5 9. Bd3 Bb7 10. O-O Nbd7 11. Rc1 O-O 12. Qe2 c5 13. Bxf6 {D63: Queen's Gambit Declined: Classical: 7 Rc1.} Bxf6 14. Be4 Bxe4 15. Nxe4 c4 16. Rfd1 $146 ({Predecessor:} 16. a4 Be7 17. Rfd1 Nb6 18. axb5 axb5 19. Ne5 Qe8 20. Ra1 f6 21. Nf3 {½-½ Huda,M (2161)-Klek,H (2327) EU-ch (Women) 19th 2018 (3)}) 16... Qb6 17. g4 Be7 18. Ng3 Rfd8 19. e4 Nf8 20. e5 Ra7 21. Qe3 Rad7 22. h4 (22. Qe4 $15) 22... f6 (22... Ng6 $17 23. h5 Nh4 24. Nxh4 Bxh4) 23. Nh5 (23. Ne2 $1 $11 {keeps the balance.}) 23... fxe5 $17 24. Qxe5 Bd6 25. Qe2 Qc6 ({Black should play} 25... Qb7 $17 {...Ng6 would now be deadly.} 26. Rc3 Qd5) 26. d5 $2 (26. Rc3 $1 $15) 26... exd5 $19 27. Nd4 Qb6 28. Nf5 Bc5 29. Rc3 Qe6 30. Qf1 (30. Qd2 {was worth a try.}) 30... d4 $19 31. Rf3 d3 32. g5 (32. Re1 $142 Qg6 33. Qh3) 32... hxg5 $19 33. hxg5 Qe2 34. Kg2 Qxf1+ (34... Qxb2 35. Qh1 $17) 35. Kxf1 Rf7 36. Kg2 Ng6 37. Nhxg7 Rxg7 38. Nh6+ Kh7 39. Rh1 Nh4+ 40. Rxh4 Rxg5+ 41. Kh3 Rd4 42. Rf7+ Kg6 43. f4 Rh5 (43... d2 $142 44. f5+ Rxf5 45. Rg7+ Kxg7 46. Nxf5+ Kf6 47. Nxd4 d1=Q (47... d1=B 48. Kg2 $11) 48. Rh6+ Kg5 49. Ne6+ Kxh6 50. Nxc5 Qh5+ 51. Kg3 Qxc5 52. Kf4 Qd4+ 53. Kf5 Qxb2 54. Kf4 c3 (54... Qxa2 55. Ke3 c3 56. Ke4 c2 57. Kf4 c1=Q+ 58. Ke5 Qg5+ 59. Kd6 Qad5+ 60. Kc7 Qgd8#) 55. Kf5 c2 (55... Qxa2 56. Ke4 c2 57. Kf4 c1=Q+ 58. Ke5 Qg5+ 59. Kd6 Qad5+ 60. Kc7 Qgd8#) 56. Kg4 c1=Q (56... c1=R 57. Kg3 Qe2 58. Kf4 Rf1+ 59. Kg3 Rf3+ 60. Kh4 Qe4#) 57. Kf3 Qf6+ (57... Qxa2 $2 58. Ke4 Qg5 59. Kf3 Qag2#) 58. Kg3 Qff4+ 59. Kh3 Qh1#) 44. Rxh5 $19 Kxh5 45. Ng4 d2 46. Ne5 Rxf4 ({And not} 46... d1=R 47. Rh7#) 47. Rxf4 d1=Q (47... d1=B $2 {perishes.} 48. Rf5+ Kh6 49. Nxc4 $18) 48. Rf5+ Kh6 49. Ng4+ Kg7 50. Rxc5 Qh1+ 51. Nh2 Qe4 52. Rg5+ Kf8 53. Ng4 b4 54. Rg8+ {[#]} Kf7 $1 55. Rc8 Qd3+ 56. Kh4 Qd4 57. Kg5 c3 58. bxc3 bxc3 (58... Qd2+ $142 59. Kh5 bxc3 60. Ne5+ Ke7) 59. Nh6+ Ke6 60. Re8+ Kd7 61. Re7+ Kd8 ({Weaker is} 61... Kxe7 62. Nf5+ Ke6 63. Nxd4+ $11) 62. Re2 Qd2+ 0-1

[Event "45th FIDE Olympiad 2024"]
[Site "Budapest"]
[Date "2024.09.12"]
[Round "2.26"]
[White "Tari, Aryan"]
[Black "Panjwani, Raja"]
[Result "1-0"]
[ECO "B27"]
[WhiteElo "2642"]
[BlackElo "2460"]
[Annotator "TA"]
[PlyCount "97"]
[EventDate "2024.09.05"]
[EventType "team-tourn"]
[EventCountry "HUN"]
[SourceTitle "playchess.com"]
[Source "ChessBase"]
[SourceQuality "1"]
[WhiteTeam "Norway"]
[BlackTeam "Canada"]
[WhiteTeamCountry "NOR"]
[BlackTeamCountry "CAN"]
[TimeControl "40/5400+30:1800+30"]

1. e4 c5 2. Nf3 g6 3. c3 d5 4. e5 Bg4 5. Bb5+ Nc6 6. O-O {[%emt 0:00:35] B27: Sicilian: 2 Nf3, unusual Black 2nd moves.} Qb6 7. Bxc6+ Qxc6 8. d4 cxd4 9. cxd4 Nh6 10. Nbd2 Bg7 11. h3 Bf5 12. Nb3 Bc2 13. Qe2 Qc4 $146 ({Predecessor:} 13... Bxb3 14. axb3 O-O 15. Bf4 e6 16. g4 Kh8 17. Qe3 Ng8 18. Bg5 Qd7 19. Rfc1 Ne7 {1-0 Schmid,T (1974)-Eibersberger,M (2125) Niederoesterreich Landesliga 0304 2003 (4)}) 14. Re1 Rc8 15. Bg5 Qxe2 $1 16. Rxe2 Bd3 17. Re3 Bf5 (17... Be4 $1 $11 {keeps the balance.}) 18. g4 $16 Bd7 19. Nc5 b6 20. e6 (20. Nxd7 {simplifies} Kxd7 21. Ra3 a5 22. Bd2) 20... fxe6 21. Nxe6 Bxe6 22. Rxe6 O-O 23. Kg2 Nf7 24. Bxe7 Rfe8 25. Rae1 Bf8 26. Bxf8 Rxe6 27. Rxe6 Kxf8 28. Re2 Rc1 29. Kg3 Nd6 30. Kf4 Rc7 (30... Nf7 $142 31. h4 h5 32. gxh5 gxh5) 31. Ng5 $18 Rd7 32. Ke5 Nf7+ 33. Kf6 Nxg5 34. Kxg5 Kg7 35. f4 h6+ 36. Kh4 Rc7 (36... Rf7 $16 {was called for.}) 37. Re5 $18 Rc2 38. Rxd5 Rxb2 39. Rd7+ Kg8 40. Rxa7 Rb4 41. Rd7 Ra4 $2 (41... Kf8 42. g5 hxg5+ 43. Kxg5 Ke8) 42. g5 $18 Rxa2 43. gxh6 b5 44. h7+ Kh8 45. Kg5 Ra6 46. d5 Rb6 47. Kh6 Rb8 48. d6 (48. Kxg6 b4 49. Re7 b3 $18) 48... b4 49. Rg7 ({Weaker is} 49. Kxg6 b3 50. Re7 b2 $11) 1-0

[Event "45th FIDE Olympiad 2024"]
[Site "Budapest"]
[Date "2024.09.12"]
[Round "2.26"]
[White "Erfan, Mohamad Firdaus"]
[Black "Amer, Karim"]
[Result "0-1"]
[ECO "E48"]
[WhiteElo "1758"]
[BlackElo "2081"]
[Annotator "NA"]
[PlyCount "98"]
[EventDate "2024.09.05"]
[EventType "team-tourn"]
[EventCountry "HUN"]
[SourceTitle "playchess.com"]
[Source "ChessBase"]
[SourceQuality "1"]
[WhiteTeam "Qatar"]
[BlackTeam "Pakistan"]
[WhiteTeamCountry "QAT"]
[BlackTeamCountry "PAK"]
[TimeControl "40/5400+30:1800+30"]

1. d4 Nf6 2. c4 e6 3. Nc3 Bb4 4. e3 c5 5. Bd3 Nc6 6. Nge2 O-O 7. O-O d5 8. cxd5 exd5 9. a3 c4 10. Bc2 Ba5 11. f3 Bb6 12. b3 cxb3 13. Bxb3 Bf5 14. Ng3 Bg6 15. f4 Bc7 16. Qf3 Ne7 17. Bb2 Bd3 18. Rfd1 Ba6 19. Nh5 Nxh5 20. Qxh5 Bc4 21. Bxc4 dxc4 22. Qf3 Ba5 23. e4 Qb6 24. Qf2 Rfd8 25. Rac1 Rac8 26. Na4 Qb3 27. Qc2 Qe3+ 28. Kh1 Qxf4 29. Rf1 Qd2 30. d5 Ng6 31. Qxd2 Bxd2 32. Rc2 Bf4 33. Bd4 b6 34. g3 Be5 35. Be3 Bd6 36. Nc3 Ne5 37. Nb5 Bc5 38. Bxc5 Rxc5 39. Nxa7 Ra8 40. Rf5 f6 41. Rxe5 fxe5 42. Nc6 c3 43. Nxe5 Rxa3 44. Nd3 Rc4 45. e5 Rd4 46. Nf4 Rd1+ 47. Kg2 Rd2+ 48. Kh3 Rxc2 49. e6 Rd2 0-1